 Dungeon Crawl Stone Soup version 0.30-a0-177-g1cb5dbfd7a (webtiles) character file.

Game seed: 3426259168892131396

29 spiderkeys the Covert (level 3, -2/35 HPs)
             Began as a Gnoll Delver on Oct 3, 2022.
             Was an Initiate of Fedhas.
             Slain by an adder (4 damage)
             ... in a sewer.
             The game lasted 00:04:11 (1458 turns).

spiderkeys the Covert (Gnoll Delver)                Turns: 1458, Time: 00:04:12

Health: -2/35      AC:  4    Str: 13    XL:     3   Next: 16%
Magic:  4/4        EV: 13    Int:  9    God:    Fedhas [......]
Gold:   78         SH:  0    Dex: 13    Spells: 3/3 levels left

rFire   . . .      SeeInvis .    a - +0 spear
rCold   . . .      Faith    .    (no shield)
rNeg    . . .      Spirit   .    b - +0 leather armour
rPois   .          Reflect  .    (no helmet)
rElec   .          Harm     .    m - +0 cloak
rCorr   .          Rampage  .    (no gloves)
Will    .....                    (no boots)
Stlth   ++........               (no amulet)
HPRegen 0.25/turn                (no ring)
MPRegen 0.09/turn                (no ring)

@: lethally poisoned (-2 -> -12), mesmerised, very slow
A: fangs 1, strong nose, distributed training
a: Renounce Religion


You were in a sewer.
You worshipped Fedhas.
Fedhas was noncommittal.
You visited 2 branches of the dungeon, and saw 4 of its levels.
You also visited: Sewer.

You collected 78 gold pieces.


Innate Abilities, Weirdness & Mutations

You have very sharp teeth.
Your uncanny sense of smell can sniff out nearby items.
Your experience applies equally to all skills.


   Skills:
 + Level 6.5 Fighting
 + Level 0.7 Short Blades
 + Level 0.7 Long Blades
 + Level 0.7 Axes
 + Level 0.7 Maces & Flails
 + Level 4.5 Polearms
 + Level 0.7 Staves
 + Level 0.7 Ranged Weapons
 + Level 0.7 Throwing
 + Level 0.7 Armour
 + Level 4.5 Dodging
 + Level 9.5 Stealth
 + Level 0.7 Shields
 + Level 0.7 Unarmed Combat
 + Level 0.7 Spellcasting
 + Level 0.5 Conjurations
 + Level 0.5 Hexes
 + Level 0.5 Summonings
 + Level 0.5 Necromancy
 + Level 0.5 Translocations
 + Level 0.5 Transmutations
 + Level 0.5 Fire Magic
 + Level 0.5 Ice Magic
 + Level 0.5 Air Magic
 + Level 0.5 Earth Magic
 + Level 0.5 Poison Magic
 + Level 0.9 Invocations
 + Level 0.7 Evocations


You had 3 spell levels left.
You didn't know any spells.
Your spell library contained the following spells:

 Spells                   Type           Power      Damage    Failure   Level
 Necrotise                Necr           4%         1d4       36%         1
 Vampiric Draining        Necr           1%         2d6       75%         3
 Agony                    Necr           1%         N/A       100%        5

Inventory:

Hand Weapons
 a - a +0 spear (weapon)
 l - a +0 vampiric rapier
   (You found it on level 4 of the Dungeon)
Armour
 b - a +0 leather armour (worn)
 m - a +0 cloak (worn)
   (You found it on level 4 of the Dungeon)
Wands
 g - a wand of digging (3)
Scrolls
 d - a scroll of magic mapping {!r}
 e - a scroll of teleportation {@r4}
 h - a scroll of identify {unknown}
 i - a scroll of silence {unknown}
Potions
 f - a potion of haste {@q3}
 j - 4 potions of flight

Dungeon Overview and Level Annotations

Branches:
Dungeon (5/15) Zot: 16936  Temple (1/1) D:4 Zot: 5775   Sewer (1/1) Zot: 5831

Altars:
Ashenzari
Cheibriados
Dithmenos
Elyvilon
Fedhas
Gozag
Hepliaklqana
Kikubaaqudgha
Makhleb
Nemelex Xobeh
Okawaru
Qazlal
Ru
Sif Muna
Trog
Uskayaw
Wu Jian
Xom
Yredelemnul
Zin
The Shining One

Shops:
D:4 *

Annotations:
D:5 Dowan, Duvessa

#. ###~~~~≈≈≈≈≈
#..#~~~~~~~~≈≈≈
~~rr~§~§~~~~~≈≈
#~r§§§~~~≈≈≈
###r§~~≈≈≈≈≈
#§§§≈≈≈≈≈≈
#§r§§≈≈≈≈≈
#§SS≈≈≈≈≈≈
+§@Sm≈≈≈≈≈
#~≈≈≈≈≈≈≈≈
≈≈≈≈≈≈≈≈≈≈≈
≈≈≈≈≈≈≈≈≈≈≈≈≈
#≈≈≈≈≈≈≈≈≈≈≈≈≈≈
###############
###############
###############


You could see a malarious merfolk avatar (mesmerising), 3 adders and a quokka.


Message History

j - 4 potions of flight
As you read the scroll of teleportation {@r4}, it crumbles to dust.
You feel strangely unstable.
The sickly merfolk siren hits you from afar with a +0 spear!
* * * LOW HITPOINT WARNING * * *
😱 HP[-9]
You take 9 damage, and now have 1/35 hp.
MASSIVE DAMAGE!! (PAUSE) It was a potion of curing.
You feel better.
The sickly merfolk siren closely misses you. 😱 HP[+5]
You regained 5 hp, and now have 6/35 hp.
You feel better.
The sickly merfolk siren barely misses you. 😨 HP[+6]
You regained 6 hp, and now have 12/35 hp.
Reach: a) +0 spear
Press: ? - help, Dir - move target, f/p - sickly merfolk siren
Aim: a sickly merfolk siren, wielding a +0 spear (moderately wounded, about 41% to evade your +0 spear)
You reach to attack!
You closely miss the sickly merfolk siren.
The sickly merfolk siren chants a haunting song.
You are mesmerised by the sickly merfolk siren!
Reach: a) +0 spear
Press: ? - help, Dir - move target, f/p - sickly merfolk siren
Aim: a sickly merfolk siren, wielding a +0 spear (moderately wounded, mesmerising, about 41% to evade your +0 spear)
You reach to attack!
You hit the sickly merfolk siren but do no damage.
The sickly merfolk siren chants its luring song.
Unknown command.
Reach: a) +0 spear
Press: ? - help, Dir - move target, f/p - sickly merfolk siren
Aim: a sickly merfolk siren, wielding a +0 spear (moderately wounded, mesmerising, about 41% to evade your +0 spear)
You reach to attack!
You barely miss the sickly merfolk siren.
Your surroundings suddenly seem different.
Splash!
You fall into the shallow water.
Moving in this stuff is going to be slow.
A quokka, a rat, a malarious merfolk avatar and 2 adders come into view.
You break out of your daze!
The malarious merfolk avatar shouts!
The adder hisses angrily. x2
You hear an angry hiss.
An adder comes into view.
The malarious merfolk avatar chants a haunting song.
You resist.
The malarious merfolk avatar chants a haunting song.
You resist. The adder closely misses you.
A rat comes into view.
The adder bites you but does no damage.
A rat comes into view. x2
The malarious merfolk avatar chants a haunting song.
You resist. The adder misses you. 😨 HP[+1]
As you read the scroll of fog, it crumbles to dust.
The scroll dissolves into smoke.
The adder bites you but does no damage. x2
The adder attacks as you move away! The adder barely misses you.
The adder bites you but does no damage. x2; The adder barely misses you.
The adder bites you but does no damage. x2
The malarious merfolk avatar chants a haunting song.
You are mesmerised by the malarious merfolk avatar!
The adder barely misses you.
The pull of its song draws you forwards.
You enter the shallow water.
Moving in this stuff is going to be slow.
The malarious merfolk avatar chants its luring song.
The adder barely misses you. 😨 HP[+1]
The adder attacks as you move away! The adder bites you.
* * * LOW HITPOINT WARNING * * *
You are poisoned.
The adder poisons you!
You feel very sick. The adder bites you.
* * * LOW HITPOINT WARNING * * *
You are lethally poisoned!
The adder poisons you!
The malarious merfolk avatar chants its luring song.
The adder completely misses you. The adder misses you. The adder bites you.
* * * LOW HITPOINT WARNING * * *
You are more poisoned.
The adder poisons you!
The malarious merfolk avatar chants its luring song. 😱 HP[-7]
You take 7 damage, and now have 7/35 hp.
Okay, then.
Okay, then.
You barely miss the adder.
* * * LOW HITPOINT WARNING * * *
You feel very sick. The adder misses you. The adder closely misses you. x2
The malarious merfolk avatar chants its luring song. 😱 HP[-3]
You take 3 damage, and now have 4/35 hp.
You hit the adder.
* * * LOW HITPOINT WARNING * * *
You feel very sick. The adder bites you.
You die...
Fedhas appreciates your contribution to the ecosystem.

Skill      XL: | |
---------------+-+-----
Stealth        | |  9.5
Fighting       | |  6.5
Short Blades   | |  0.7
Long Blades    | |  0.7
Axes           | |  0.7
Maces & Flails | |  0.7
Polearms       | |  4.5
Staves         | |  0.7
Ranged Weapons | |  0.7
Throwing       | |  0.7
Armour         | |  0.7
Dodging        | |  4.5
Shields        | |  0.7
Unarmed Combat | |  0.7
Spellcasting   | |  0.7
Conjurations   | |  0.5
Hexes          | |  0.5
Summonings     | |  0.5
Necromancy     | |  0.5
Translocations | |  0.5
Transmutations | |  0.5
Fire Magic     | |  0.5
Ice Magic      | |  0.5
Air Magic      | |  0.5
Earth Magic    | |  0.5
Poison Magic   | |  0.5
Invocations    | |  0.9
Evocations     | |  0.7

Action                   || total
-------------------------++-------
Melee: Spear             ||   122
       Bite              ||     9
Throw: Stone             ||     2
  Use: Scroll            ||     3
       Potion            ||     2
 Stab: Sleeping          ||     9
Armor: Leather armour    ||    26
Dodge: Dodged            ||    49

Levels and vault maps discovered:
D:3:      layout_loops_corners, portal_sewer_entry_a
D:4:      layout_gridville, minmay_temple_entry_butterflies,
          nicolae_shop_gadgets
D:5:      layout_loops_cross, amcnicky_altar_gilded, grunt_tough_drop,
          uniq_duvessa, uniq_sigmund
Temple:   compressed_dpeg_triangle_lava_temple
Sewer:    sewer_sea

Notes
Turn   | Place    | Note
-------+----------+-------------------------------------------
     0 | D:5      | Reached skill level 9 in Stealth
     0 | D:5      | spiderkeys the Gnoll Delver began the quest for the Orb.
     0 | D:5      | Reached XP level 1. HP: 23/23 MP: 1/1
     0 | D:5      | magus.rc [v1.11.3]
     7 | D:5      | Noticed Duvessa
     7 | D:5      | Noticed Dowan
    13 | D:4      | Found Finir's Gadget Gallery.
   120 | D:4      | You pick up a book of Necromancy and begin reading...
   120 | D:4      | You add the spells Necrotise, Vampiric Draining and Agony
                  | to your library.
   378 | D:4      | Found a staircase to the Ecumenical Temple.
   383 | Temple   | Entered the Ecumenical Temple
   594 | Temple   | Became a worshipper of Fedhas Madash
   626 | D:4      | Reached XP level 2. HP: 29/29 MP: 2/2
  1248 | D:3      | Found a glowing drain.
  1296 | Sewer    | Entered a sewer
  1363 | Sewer    | Reached XP level 3. HP: 32/35 MP: 3/3
  1405 | Sewer    | Noticed a sickly merfolk siren
  1435 | Sewer    | HP: 7/35 [sickly merfolk siren/+0 spear (20)]
  1446 | Sewer    | HP: 1/35 [sickly merfolk siren/+0 spear (9)]
  1451 | Sewer    | Noticed a malarious merfolk avatar
  1456 | Sewer    | HP: 7/35 [adder (2)]
  1458 | Sewer    | HP: 2/35 [poisoned by an adder]
  1458 | Sewer    | Slain by an adder

Vanquished Creatures
  A worm (D:3)
  A dart slug (D:4)
  4 ball pythons
  3 giant cockroaches
  A goblin (D:4)
  A hobgoblin (D:4)
  A kobold (D:4)
  A quokka (Sewer)
  2 frilled lizards (Sewer)
  12 rats
  A butterfly (D:4)
28 creatures vanquished.

Table legend:
 A = Non-vault XP
 B = Vault XP
 C = Vault XP percentage of total XP
 D = Non-vault monster count
 E = Vault monster count
 F = Vault count percentage of total count
                 A         B        C        D         E       F
            +---------+---------+-------+---------+---------+-------
      Total |      16 |      26 |  61.9 |       8 |      19 |  70.4
            +---------+---------+-------+---------+---------+-------
        D:3 |       0 |      11 | 100.0 |       0 |       6 | 100.0
        D:4 |      16 |       0 |   0.0 |       8 |       0 |   0.0
      Sewer |       0 |      15 | 100.0 |       0 |      13 | 100.0
            +---------+---------+-------+---------+---------+-------

Illustrated notes

Table legend:
 A = Kills in this place as a percentage of kills in entire the game.
 B = Kills by you in this place as a percentage of kills by you in the entire game.
 C = Kills by friends in this place as a percentage of kills by friends in the entire game.
 D = Other kills in this place as a percentage of other kills in the entire game.
 E = Experience gained in this place as a percentage of experience gained in the entire game.
 F = Experience gained in this place divided by the number of levels of this place that you have seen.
                   A       B       C       D       E      F
               +-------+-------+-------+-------+-------+----------------------
         Total | 100.0 | 100.0 |   N/A |   N/A | 100.0 |   8.4
       Dungeon |  51.9 |  51.9 |   N/A |   N/A |  64.3 |   9.0
         Sewer |  48.1 |  48.1 |   N/A |   N/A |  35.7 |  15.0
               +-------+-------+-------+-------+-------+----------------------

Table legend: (Time is in decaauts)
 A = Elapsed time spent in this place.
 B = Non-inter-level travel time spent in this place.
 C = Inter-level travel time spent in this place.
 D = Time resting spent in this place.
 E = Time spent auto-exploring this place.
 F = Levels seen in this place.
 G = Mean time per level.
                   A        B        C        D        E       F      G
               +--------+--------+--------+--------+--------+-----+--------+
         Total |   1455 |   1439 |     16 |      0 |   1060 |   5 |  291.0 |
       Dungeon |   1063 |   1059 |      4 |      0 |    842 |   3 |  354.3 |
        Temple |    224 |    212 |     12 |      0 |    161 |   1 |  224.0 |
         Sewer |    167 |    167 |      0 |      0 |     57 |   1 |  167.0 |
               +--------+--------+--------+--------+--------+-----+--------+

Top non-repeatable levels by time:
     D:4: 968 daAuts
  Temple: 224 daAuts
   Sewer: 167 daAuts
     D:3: 82 daAuts
     D:5: 13 daAuts
